 Dungeon Crawl Stone Soup version 0.27.0 (webtiles) character file.

Game seed: 16628630203613806374

16901 backslashecho the Cleaver (level 12, -1/171 HPs)
             Began as a Deep Dwarf Berserker on July 31, 2021.
             Was a Priest of Trog.
             Slain by a two-headed ogre (18 damage)
             ... on level 2 of the Orcish Mines.
             The game lasted 00:29:22 (10591 turns).

backslashecho the Cleaver (Deep Dwarf Berserker)   Turns: 10591, Time: 00:29:22

Health: -1/171     AC: 17    Str: 24    XL:     12   Next: 14%
Magic:  7/7        EV:  6    Int: 10    God:    Trog [***...]
Gold:   1034       SH: 17    Dex: 12    Spells: 11/11 levels left

rFire    + . .     SeeInvis .   a - +0 broad axe
rCold    + . .     Faith    .   F - +0 kite shield
rNeg     . . .     Spirit   .   x - +0 plate armour
rPois    .         Reflect  +   (no helmet)
rElec    .         Harm     .   s - scarf {rC+ rF+}
rCorr    .         Rampage  .   E - +2 pair of gloves
Will     +++..                  (no boots)
Stlth    ..........             m - amulet of reflection
HPRegen  1.00/turn              (no ring)
MPRegen  0.10/turn              (no ring)

@: berserking, strong-willed, regenerating, very quick
A: damage resistance, heal wounds, sense surroundings 2, no regeneration
a: Heal Wounds, Renounce Religion, Berserk, Trog's Hand


You were on level 2 of the Orcish Mines.
You worshipped Trog.
Trog was most pleased with you.
You visited 2 branches of the dungeon, and saw 13 of its levels.
You also visited: Sewer.

You collected 1106 gold pieces.
You spent 72 gold pieces at shops.

Inventory:

Hand Weapons
 a - a +0 broad axe (weapon)
Missiles
 b - 2 throwing nets (quivered)
 L - 7 javelins
Armour
 s - a scarf of resistance (worn)
 x - a +0 plate armour (worn)
 z - a +0 buckler
 E - a +2 pair of gloves (worn)
 F - a +0 kite shield (worn)
Jewellery
 m - an amulet of reflection (around neck)
 J - a ring of positive energy
Wands
 C - a wand of paralysis (21)
 K - a wand of acid (8)
Scrolls
 c - 3 scrolls of amnesia
 d - 9 scrolls of identify
 f - 2 scrolls of brand weapon {unknown}
 g - 2 scrolls of fog {unknown}
 j - 5 scrolls of teleportation
 k - 6 scrolls of enchant armour {unknown}
 l - 2 scrolls of enchant weapon {unknown}
 n - 2 scrolls of torment {unknown}
 q - 3 scrolls of magic mapping {unknown}
 r - 3 scrolls of fear {unknown}
 u - 3 scrolls of summoning {unknown}
 y - 3 scrolls of blinking {unknown}
 B - 2 scrolls of noise {unknown}
 I - a scroll of immolation {unknown}
Potions
 e - a potion of berserk rage
 h - 3 potions of heal wounds
 i - 2 potions of flight {unknown}
 o - 2 potions of mutation {unknown}
 p - 7 potions of curing
 t - 3 potions of lignification {unknown}
 v - a potion of attraction {unknown}
 w - a potion of might {unknown}
 A - a potion of haste {unknown}
 D - 2 potions of cancellation {unknown}
 H - a potion of magic {unknown}


   Skills:
 - Level 9.0 Fighting
 * Level 14.7 Axes
 - Level 9.0 Armour
 - Level 2.1 Dodging
 + Level 8.7 Shields
 - Level 1.0 Unarmed Combat


You had 11 spell levels left.
You didn't know any spells.
Your spell library was empty.

Dungeon Overview and Level Annotations

Branches:
Dungeon (11/15)            Temple (0/1) D:5            Lair (0/6) D:10
    Orc (2/2) D:11            Elf (0/3) Orc:2         Sewer (visited)

Altars:
Fedhas
Makhleb
Okawaru
Qazlal
Sif Muna
Yredelemnul
The Shining One

Shops:
D:4 !   D:9 *

Annotations:
D:10 2 exclusions


Innate Abilities, Weirdness & Mutations

You are resistant to damage.
You can heal yourself by infusing magical energy.
You passively map the area around you.
You do not regenerate.


Message History

The two-headed ogre hits you with a +0 giant spiked club!
The two-headed ogre hits you with a +0 giant spiked club.
You block the ogre mage's attack.
You take 14 damage, and have 61/114 hp.
You closely miss the ogre mage.
The ogre mage is severely wounded.
You hit the two-headed ogre. You block the two-headed ogre's attack.
The two-headed ogre hits you with a +0 giant spiked club!
The ogre mage hits you but does no damage.
You take 8 damage, and have 53/114 hp.
You are too injured to fight recklessly!
You slash the ogre mage!
You kill the ogre mage!
Trog accepts your kill.
Trog appreciates your killing of a magic user.
Your plate armour prevents you from hitting the two-headed ogre.
You block the two-headed ogre's attack.
The two-headed ogre hits you with a +0 giant spiked club!
You take 15 damage, and have 38/114 hp.
You slash the two-headed ogre!
The two-headed ogre is moderately wounded.
The two-headed ogre hits you with a +0 giant spiked club. x2
The two-headed ogre hits you with a +0 giant spiked club!
* * * LOW HITPOINT WARNING * * *
You block the two-headed ogre's attack.
You take 10 damage, and have 28/114 hp.
You block the two-headed ogre's attack. x2
You block the two-headed ogre's attack. x2
A red film seems to cover your vision as you go berserk!
You feel yourself moving faster!
You feel mighty! You block the two-headed ogre's attack.
The two-headed ogre hits you with a +0 giant spiked club!
* * * LOW HITPOINT WARNING * * *
You now have 36/171 hp.
You hit the two-headed ogre.
The two-headed ogre is moderately wounded.
The two-headed ogre hits you with a +0 giant spiked club!!
* * * LOW HITPOINT WARNING * * *
The two-headed ogre hits you with a +0 giant spiked club!!
You die...

,.......#. #.................
..........#. ..#................
........... .##..#.............
...........#####.....#......#....
............#.###.....#.....#....
...............#####)###....##.#.
............#.#.##.##.##.....#...
..........)).......)........#....
..........#....O@..##............
.........####.###.#####..........
.........## ### ### ##.##...##.
..........####### ### #...#.
................. #.##
......O.......... * *##
........###O.###. * .......##*
...#* , ....... ...#


You could see a two-headed ogre (fast).

Vanquished Creatures
  An ogre mage (Orc:2)
  7 two-headed ogres
  An orc knight (Orc:2)
  Pikel (D:6)
  A deep elf pyromancer (D:10)
  An orc sorcerer (Orc:2)
  Maggie (D:10)
  A kobold demonologist (D:11)
  A tengu conjurer (D:11)
  3 trolls
  A hornet (D:8)
  Sigmund (D:6)
  2 wyverns
  4 yaks (D:10)
  2 steam dragons
  4 vampire mosquitoes (D:11)
  3 water moccasins
  A hornet zombie (D:8)
  4 orc warriors
  A black bear (D:8)
  A sky beast (D:4)
  4 wolves (D:10)
  12 ogres
  3 centaurs
  Blork the orc (D:6)
  3 kobold brigands
  4 bullfrogs
  3 scorpions
  2 wyvern skeletons
  2 water moccasin skeletons (D:6)
  8 killer bees
  4 howler monkeys
  An electric eel (D:10)
  A crimson imp (D:7)
  10 hounds
  A jelly (D:5)
  7 centaur zombies
  7 orc priests
  2 gnoll shamans
  Jessica (D:3)
  2 iguanas
  A bullfrog skeleton (D:7)
  8 orc wizards
  2 killer bee zombies
  3 hound zombies
  A howler monkey zombie (D:7)
  A howler monkey skeleton (D:5)
  11 gnolls
  15 adders
  4 white imps
  An adder skeleton (D:4)
  4 dart slugs
  35 orcs
  9 ball pythons
  3 bats (D:2)
  17 endoplasms
  17 giant cockroaches
  4 goblins
  7 hobgoblins
  11 jackals
  17 kobolds
  8 quokkas
  10 frilled lizards
  12 rats
321 creatures vanquished.

Vanquished Creatures (others)
  3 fungi (D:10)
  5 plants (D:10)
8 creatures vanquished.

Grand Total: 329 creatures vanquished

Notes
Turn   | Place    | Note
-------+----------+-------------------------------------------
     0 | D:1      | backslashecho the Deep Dwarf Berserker began the quest for
                  | the Orb.
     0 | D:1      | Reached XP level 1. HP: 20/20 MP: 1/1
    87 | D:1      | Reached XP level 2. HP: 20/27 MP: 2/2
   483 | D:1      | Found a faded altar of an unknown god.
   765 | D:1      | Reached XP level 3. HP: 6/33 MP: 3/3
   849 | D:2      | Reached ** piety under Trog
   850 | D:2      | Reached skill level 1 in Unarmed Combat
   864 | D:2      | Reached skill level 4 in Axes
  1114 | D:2      | Reached XP level 4. HP: 42/42 MP: 4/4
  1432 | D:3      | Reached XP level 5. HP: 31/49 MP: 5/5
  1434 | D:3      | Reached skill level 5 in Axes
  1585 | D:3      | Found a glowing golden altar of the Shining One.
  1585 | D:3      | Found a shimmering blue altar of Sif Muna.
  1790 | D:3      | Found a glowing drain.
  1801 | Sewer    | Entered a sewer
  1827 | Sewer    | Reached *** piety under Trog
  2018 | Sewer    | Reached XP level 6. HP: 56/57 MP: 6/6
  2067 | Sewer    | Reached **** piety under Trog
  2259 | D:3      | Noticed Jessica
  2266 | D:3      | Killed Jessica
  2267 | D:3      | Reached skill level 6 in Axes
  2625 | D:3      | Found a basalt altar of Yredelemnul.
  2916 | D:4      | Reached XP level 7. HP: 64/64 MP: 7/7
  3021 | D:4      | Reached skill level 7 in Axes
  3052 | D:4      | Reached skill level 5 in Armour
  3214 | D:4      | HP: 4/99 [orc priest/divine providence (11)]
  3651 | D:4      | Found Jumay's Distillery.
  3659 | D:4      | Bought a potion of degeneration for 12 gold pieces
  3659 | D:4      | Bought a potion of heal wounds for 60 gold pieces
  3714 | D:5      | Entered Level 5 of the Dungeon
  3730 | D:5      | Reached XP level 8. HP: 73/73 MP: 7/7
  3733 | D:5      | Reached skill level 5 in Fighting
  3733 | D:5      | Reached skill level 8 in Axes
  4035 | D:5      | Found a staircase to the Ecumenical Temple.
  4417 | D:5      | Reached skill level 9 in Axes
  4882 | D:6      | Noticed Sigmund
  4890 | D:6      | Killed Sigmund
  5090 | D:6      | Noticed Pikel
  5107 | D:6      | Killed Pikel
  5108 | D:6      | Reached skill level 1 in Shields
  5108 | D:6      | Gained mutation: You passively map the area around you.
                  | [Deep Dwarf growth]
  5108 | D:6      | Reached XP level 9. HP: 65/82 MP: 8/8
  5174 | D:6      | Noticed Blork the orc
  5184 | D:6      | Killed Blork the orc
  5185 | D:6      | Reached skill level 10 in Axes
  6382 | D:8      | Reached skill level 11 in Axes
  6509 | D:8      | Found an iron altar of Okawaru.
  6562 | D:8      | Reached XP level 10. HP: 60/92 MP: 8/8
  7454 | D:9      | Found Milic's Demolitions Depot.
  8031 | D:10     | Entered Level 10 of the Dungeon
  8101 | D:10     | Noticed a deep elf pyromancer
  8295 | D:10     | Noticed Maggie
  8306 | D:10     | Killed Maggie
  8391 | D:10     | Reached skill level 5 in Shields
  8452 | D:10     | Reached skill level 12 in Axes
  8558 | D:10     | Found a staircase to the Lair.
  8640 | D:10     | Found a blossoming altar of Fedhas.
  8641 | D:10     | Found a stormy altar of Qazlal.
  8682 | D:10     | Killed a deep elf pyromancer
  8870 | D:10     | Noticed a two-headed ogre
  8879 | D:10     | Killed a two-headed ogre
  8880 | D:10     | Reached XP level 11. HP: 103/103 MP: 9/9
  9372 | D:11     | Found a staircase to the Orcish Mines.
  9435 | D:11     | Reached skill level 13 in Axes
  9437 | D:11     | Noticed a two-headed ogre
  9452 | D:11     | Killed a two-headed ogre
  9452 | D:11     | Noticed a tengu warrior
  9472 | D:11     | Noticed a four-headed hydra
  9690 | Orc:1    | Entered Level 1 of the Orcish Mines
  9766 | Orc:1    | Found a burning altar of Makhleb.
 10035 | Orc:2    | Entered Level 2 of the Orcish Mines
 10047 | Orc:2    | Noticed an orc sorcerer
 10055 | Orc:2    | Killed an orc sorcerer
 10108 | Orc:2    | Noticed an orc knight
 10120 | Orc:2    | HP: 2/104 [orc knight (28)]
 10172 | Orc:2    | Found a staircase to the Elven Halls.
 10227 | Orc:2    | Killed an orc knight
 10356 | Orc:2    | Noticed a two-headed ogre
 10360 | Orc:2    | Noticed a two-headed ogre
 10361 | Orc:2    | Noticed a two-headed ogre
 10363 | Orc:2    | Noticed a two-headed ogre
 10388 | Orc:2    | Killed a two-headed ogre
 10399 | Orc:2    | Killed a two-headed ogre
 10400 | Orc:2    | Reached skill level 14 in Axes
 10415 | Orc:2    | Killed a two-headed ogre
 10490 | Orc:2    | Noticed a two-headed ogre
 10501 | Orc:2    | Killed a two-headed ogre
 10502 | Orc:2    | Reached XP level 12. HP: 43/114 MP: 8/8
 10517 | Orc:2    | Noticed a two-headed ogre
 10542 | Orc:2    | Killed a two-headed ogre
 10566 | Orc:2    | Noticed an ogre mage
 10583 | Orc:2    | Killed an ogre mage
 10591 | Orc:2    | Slain by a two-headed ogre

Illustrated notes

Levels and vault maps discovered:
D:1:      minmay_arrival_solitary_statue, layout_basic,
          dreamdust_ecumenical_altar_angels_and_demons, dk_noncrumbling_4
D:2:      layout_rooms
D:3:      layout_loops_ring, lemuel_zombie_altar_yredelemnul,
          jmf_multi_god_temple, portal_sewer_entry_e, minivault_24,
          grunt_ministairs_6, minivault_5, kennysheep_jessica_study
D:4:      layout_cave_pods, serial_shops, kennysheep_mini
D:5:      layout_gridville, minmay_temple_entry_glassed_door
D:6:      layout_loops_cross, uniq_sigmund, uniq_pikel, uniq_blork_the_orc
D:7:      layout_loops_ring, minmay_fire_ice_demons
D:8:      layout_cave_pods, okawaru_metal_pillars_1_2,
          chequers_serial_rivers_small_a
D:9:      layout_grid_maze, nicolae_blasting_shop
D:10:     layout_loops_ring, grunt_temple_overflow_forces_of_nature,
          erik_lair_island, uniq_maggie
D:11:     layout_cave_pools, orc_0_dummy, ebering_ghost_rock_garden,
          serial_shops, nicolae_lakefront_shop
Orc:1:    layout_caves, bloody_makhleb
Orc:2:    st_orc_ogre_mass, layout_caves, basic_altar

Skill      XL: |  1  2  3  4  5  6  7  8  9 10 11 |
---------------+----------------------------------+-----
Fighting       | 3 4 6 7 9 |  9.0
Unarmed Combat | 1 |  1.0
Axes           | 4 5 6 7 9 11 12 14 | 14.7
Armour         | 3 4 5 6 7 9 |  9.0
Shields        | 1 4 6 8 |  8.7
Dodging        | |  2.1

Action                   |  1- 3 |  4- 6 |  7- 9 | 10-12 || total
-------------------------+-------+-------+-------+-------++-------
Melee: Hand axe          |   107 |   229 |   344 |   317 ||   997
       Punch             |       |     1 |     2 |       ||     3
       Broad axe         |       |       |       |   113 ||   113
Throw: Dart              |       |       |       |    12 ||    12
       Javelin           |       |       |       |     1 ||     1
Invok: Berserk           |     2 |     2 |     4 |     9 ||    17
       Trog's Hand       |       |     5 |    11 |    17 ||    33
 Abil: Heal Wounds       |     1 |     1 |     3 |    17 ||    22
Evoke: Wand              |       |       |       |     3 ||     3
  Use: Scroll            |       |       |       |     5 ||     5
       Potion            |       |       |       |     1 ||     1
 Stab: Sleeping          |     1 |       |       |       ||     1
Armor: Animal skin       |    18 |    32 |    18 |       ||    68
       Plate armour      |       |       |    83 |   184 ||   267
Dodge: Dodged            |    60 |   124 |   115 |    71 ||   370
Block: Other             |       |    44 |    34 |       ||    78
       Buckler           |       |       |    79 |       ||    79
       Reflection        |       |       |    10 |    10 ||    20
       Kite shield       |       |       |       |   369 ||   369
